 Dungeon Crawl Stone Soup version 0.24-a0-462-ge24419a6ad (webtiles) character file.

Game seed: 3328514611286003356

63 Mithandil the Conjurer (level 3, -1/19 HPs)
             Began as a Deep Elf Conjurer on July 2, 2019.
             Slain by a quokka (5 damage)
             ... on level 3 of the Dungeon.
             The game lasted 00:25:39 (1547 turns).

Mithandil the Conjurer (Deep Elf Conjurer)          Turns: 1547, Time: 00:25:40

Health: -1/19      AC:  2    Str:  5    XL:     3   Next: 87%
Magic:  0/10       EV: 13    Int: 20    God:
Gold:   153        SH:  0    Dex: 15    Spells: 6/9 levels left

rFire    . . .     SeeInvis .   a - +1 dagger
rCold    . . .     Gourm    .   (no shield)
rNeg     . . .     Faith    .   f - +0 robe
rPois    .         Spirit   .   (no helmet)
rElec    .         Reflect  .   (no cloak)
rCorr    .         Harm     .   (no gloves)
MR       .....                  (no boots)
Stlth    ++........             (no amulet)
HPRegen  0.06/turn              (no ring)
MPRegen  0.12/turn              (no ring)

@: no status effects
A: no striking features
a: no special abilities


You were on level 3 of the Dungeon.
You were not hungry.

You visited 1 branch of the dungeon, and saw 4 of its levels.

You collected 153 gold pieces.

Inventory:

Hand Weapons
 a - a +1 dagger (weapon)
 g - a +3 whip
 m - a +0 trident
Missiles
 e - 48 stones (quivered)
Armour
 f - a +0 robe (worn)
 l - a +2 pair of boots
Jewellery
 b - an uncursed ring of wizardry {unknown}
 j - an uncursed amulet of faith {unknown}
Potions
 d - a potion of curing {unknown}
 h - 2 potions of lignification {unknown}
 k - a potion of heal wounds {unknown}
Comestibles
 c - 3 rations


   Skills:
 + Level 1.1 Short Blades
 + Level 2.9 Dodging
 + Level 3.0 Stealth
 * Level 3.9 Spellcasting
 * Level 5.0 Conjurations


You had 6 spell levels left.
You knew the following spells:

 Your Spells              Type           Power        Failure   Level  Hunger
a - Magic Dart            Conj           ###.         1%          1    None
b - Searing Ray           Conj           ###...       2%          2    ##.....

Your spell library contained the following spells:

 Spells                   Type           Power        Failure   Level  Hunger
 Dazzling Spray           Conj/Hex       ##....       14%         3    ###....
 Iskenderun's Mystic Bla  Conj           ###.....     17%         4    ####...
 Force Lance              Conj/Tloc      ##......     43%         4    ####...
 Fulminant Prism          Conj/Hex       ##........   43%         4    ####...


Dungeon Overview and Level Annotations

Branches:
Dungeon (4/15)
 Temple: D:4-7

Altars:

Annotations:
D:4 Natasha


Message History

The quokka bites you.
You barely miss the quokka. The quokka bites you.
* * * LOW HITPOINT WARNING * * *
You hit the quokka.
The quokka is lightly wounded.
The quokka completely misses you.
Unknown command.
You hit the quokka.
The quokka is moderately wounded.
The quokka closely misses you.
You closely miss the quokka.
The quokka is moderately wounded.
The quokka closely misses you.
You hit the quokka.
The quokka is heavily wounded.
The quokka bites you but does no damage.
You closely miss the quokka.
The quokka is heavily wounded.
The quokka bites you.
You die...

. ♣P #####....### #.
.PP. .......##...#
#.##... #####..#..P.#
#...... ##..P♣♣.#
#.#....#######...♣♣..#
#............#..PP.P##
#.............♣♣PP.#
#...>.......P♣♣♣..##
#.(.†@......♣PP.##
##..r####..P.P.## #...
#...P### ♣♣..## #....#
..#<# ###### ♣♣.#.#
#.#.# #.#.# #..


You could see a quokka.

Vanquished Creatures
  An adder (D:2)
  An ooze (D:1)
  A worm (D:3)
  A dart slug (D:1)
  3 leopard geckos
  An orc (D:3)
  2 giant cockroaches
  6 goblins
  2 hobgoblins (D:1)
  A quokka (D:3)
  A ball python (D:2)
  8 bats
  3 frilled lizards
  5 kobolds
  6 rats
42 creatures vanquished.

Notes
Turn   | Place    | Note
-------+----------+-------------------------------------------
     0 | D:1      | Mithandil the Deep Elf Conjurer began the quest for the
                  | Orb.
     0 | D:1      | Reached XP level 1. HP: 10/10 MP: 6/6
   152 | D:1      | Reached XP level 2. HP: 15/15 MP: 4/8
   156 | D:1      | Learned a level 2 spell: Searing Ray
   503 | D:1      | Reached XP level 3. HP: 19/19 MP: 7/10
  1475 | D:4      | Noticed Natasha
  1496 | D:3      | Reached skill level 1 in Short Blades
  1536 | D:3      | Reached skill level 5 in Conjurations
  1547 | D:3      | Slain by a quokka

Levels and vault maps discovered:
D:1:      wander_arrival_fairy_ring, layout_basic
D:2:      layout_loops_ring, st_stairs_9
D:3:      minmay_diamond_boxcup, layout_basic, minitemple, serial_forest,
          infiniplex_forest_clump_diagonal, infiniplex_forest_lined_2,
          infiniplex_forest_clump_small, infiniplex_forest_clump_small,
          infiniplex_forest_straight_3, infiniplex_forest_zigzag_2,
          infiniplex_forest_lined_2
D:4:      layout_cave_pods, first_ration, grunt_decor_resistance, uniq_natasha

Skill      XL: |  1  2  3 |
---------------+----------+-----
Stealth        | 3 |  3.0
Short Blades   | 1 |  1.1
Conjurations   | 5 |  5.0
Dodging        | |  2.9
Spellcasting   | |  3.9

Action                   || total
-------------------------++-------
Melee: Dagger            ||     8
 Cast: Magic Dart        ||    65
       Searing Ray       ||     7
  Use: Scroll            ||     4
  Eat: Ration            ||     1
Armor: Robe              ||     2
Dodge: Dodged            ||    12

Table legend:
 A = Non-vault XP
 B = Vault XP
 C = Vault XP percentage of total XP
 D = Non-vault monster count
 E = Vault monster count
 F = Vault count percentage of total count
                 A         B        C        D         E       F
            +---------+---------+-------+---------+---------+-------
      Total |      75 |      15 |  16.7 |      39 |       3 |   7.1
            +---------+---------+-------+---------+---------+-------
        D:1 |      46 |       0 |   0.0 |      25 |       0 |   0.0
        D:2 |      15 |      15 |  50.0 |       9 |       3 |  25.0
        D:3 |      14 |       0 |   0.0 |       5 |       0 |   0.0
            +---------+---------+-------+---------+---------+-------
